 Dungeon Crawl Stone Soup version 0.29.0-4-gdea44cf6ec (webtiles) character file.

Game seed: 13807015737311550965

19108 qw the Brawler (level 12, -6/118 HPs)
             Began as a Troll Cinder Acolyte on Aug 31, 2022.
             Was an Initiate of Okawaru.
             Mangled by a komodo dragon (28 damage)
             ... on level 5 of the Lair of Beasts.
             The game lasted 00:05:56 (10937 turns).

qw the Brawler (Troll Cinder Acolyte)              Turns: 10937, Time: 00:05:57

Health: -6/118     AC:  8    Str: 29    XL:     12   Next: 33%
Magic:  10/12      EV: 14    Int: 10    God:    Okawaru [......]
Gold:   381        SH:  0    Dex:  5    Spells: 13/13 levels left

rFire   . . .      SeeInvis .     - Unarmed
rCold   . . .      Faith    .   (no shield)
rNeg    . . .      Spirit   .   p - +2 robe {rF+}
rPois   .          Reflect  .   (helmet restricted)
rElec   .          Harm     .   j - +1 cloak
rCorr   +          Rampage  .   (gloves unavailable)
Will    .....                   (boots unavailable)
Stlth   ++........              (no amulet)
HPRegen 1.09/turn               n - +4 ring of evasion
MPRegen 0.13/turn               c - ring of resist corrosion

@: heroic, fire susceptible
A: large, unfitting armour, claws 3, regeneration 1, shaggy fur 1, tough skin 1
a: Renounce Religion


You were on level 5 of the Lair of Beasts.
You worshipped Okawaru.
Okawaru was noncommittal.
You visited 2 branches of the dungeon, and saw 13 of its levels.

You collected 664 gold pieces.
You spent 283 gold pieces at shops.


Innate Abilities, Weirdness & Mutations

You are too large for most types of armour.
You have claws for hands.
Your natural rate of healing is unusually fast.
You are covered in fur. (AC +1)
You have tough skin. (AC +1)


   Skills:
 - Level 7.0(12.0) Fighting
 - Level 7.0(12.0) Throwing
 - Level 1.1(6.1) Armour
 - Level 2.2(7.2) Dodging
 + Level 17.0(22.0) Unarmed Combat
 - Level 1.0 Spellcasting
 - Level 2.1 Fire Magic


You had 13 spell levels left.
You didn't know any spells.
Your spell library contained the following spells:

 Spells                   Type           Power      Damage    Failure   Level
 Scorch                   Fire           8%         2d5       22%         2

Inventory:

Missiles
 d - 2 silver javelins
 f - 5 boomerangs
 o - 6 silver boomerangs
 q - 6 large rocks (quivered)
Armour
 h - the +2 robe of Eternity {Regen+ Int+8 Dex-2}
   (You found it on level 3 of the Dungeon)

   Int:       It affects your intelligence (+8).
   Dex:       It affects your dexterity (-2).
   Regen:     It increases your rate of health regeneration.
 j - a +1 cloak (worn)
 p - a +2 robe of fire resistance (worn)
Jewellery
 c - a ring of resist corrosion (right claw)
 n - a +4 ring of evasion (left claw)
Scrolls
 e - 2 scrolls of identify
 k - 4 scrolls of brand weapon
 l - a scroll of enchant weapon
Potions
 a - 6 potions of might
 b - 2 potions of mutation
 g - a potion of cancellation
 i - a potion of haste
 r - a potion of curing
 s - 3 potions of heal wounds

Dungeon Overview and Level Annotations

Branches:
Dungeon (9/15)             Temple (0/1) D:7            Lair (3/5) D:9
  Swamp (0/4) Lair:2        Snake (0/4) Lair:2
    Orc: D:9-12

Altars:
Cheibriados
Dithmenos
Kikubaaqudgha
Okawaru
Sif Muna
Vehumet
Wu Jian
Xom
Zin

Shops:
D:6 *

Annotations:
D:9 1 runed translucent door, qw's ghost, novice TrCA


Message History

A lindwurm, 2 lava snakes, a komodo dragon, a hell hound and a molten gargoyle come into view.
Existing waypoints: (1) Lair:3 (2) Lair:2 Assign waypoint to what number? (0-9, D - delete waypoint) Waypoint 2 re-assigned from Lair:2 to Lair:5.
Enter note:
10930 ||| INVOKING Heroism.
You gain the combat prowess of a mighty hero.
You can no longer gain great but temporary skills.
The lava snake hisses angrily.
The komodo dragon hisses angrily.
The lindwurm roars!
You hear an angry hiss. x2
A wyvern comes into view.
A komodo dragon comes into view.
The komodo dragon hisses angrily.
The hell hound barks!
You hear an angry hiss.
A steam dragon comes into view.
The komodo dragon hisses menacingly.
The lava snake bites you.
You are engulfed in flames.
The steam dragon hisses angrily.
The lava snake hisses angrily.
You claw the komodo dragon!
The komodo dragon is moderately wounded.
You scratch the komodo dragon.
The komodo dragon is heavily wounded.
The komodo dragon misses you.
A basilisk comes into view.
The lindwurm breathes flames at you. The blast of flame hits you!!
The lava snake spits lava at you. The glob of lava hits you!
You mangle the komodo dragon!!
The komodo dragon is severely wounded.
10936 ||| Stepping ~*~*~tactically~*~*~ (outnumbered).
The hell hound bites you!
The molten gargoyle blasts magma at you!
The bolt of magma misses you. The lava snake spits lava at you.
The glob of lava hits you! The hell hound misses you.
You closely miss the hell hound. Your claw misses the hell hound.
The molten gargoyle blasts magma at you!
The bolt of magma hits you!! The komodo dragon bites you!!
You die...

~#... # ~... #~
.~D. ##~# #.~# ..
.~~~######k~~#l..
.¤~~~~~~¤~~#....
##¤S~¤~~.......
#.#..¤~¤S........
#.....h@l...¤.¤.
~~.......l..~~~~#
#~¤~~.9...~¤~¤###
##~~~~~..~~~###
##.#¤¤¤~~~~~#
####8#.###¤~#
##### ~~# ##


You could see a lindwurm, 2 komodo dragons, a molten gargoyle, a steam dragon, a
hell hound, a wyvern and 2 lava snakes.

Vanquished Creatures
  A hydra (Lair:2)
  Erolcha (D:9)
  2 centaur warriors (D:9)
  Erica (D:9)
  A two-headed ogre (D:8)
  2 wizards (D:9)
  2 ugly things (D:9)
  A manticore (D:9)
  Maurice (D:9)
  A cyclops (D:9)
  Joseph (D:9)
  A rime drake (Lair:2)
  7 cane toads
  3 komodo dragons
  An efreet (D:9)
  Prince Ribbit (D:9)
  A meliai (shapeshifter) (D:9)
  A polar bear (Lair:1)
  A hornet (D:7)
  5 blink frogs
  A shadow (D:9)
  2 fire elementals (Lair:2)
  12 yaks
  2 basilisks
  A vampire mosquito (D:9)
  3 nagas (Lair:2)
  7 water moccasins
  4 sky beasts (D:8)
  A black bear (D:7)
  3 ice beasts
  An orc warrior (D:7)
  An ogre (D:5)
  10 wolves
  4 centaurs
  A kobold brigand (D:9)
  A necrophage (D:6)
  6 bullfrogs
  4 wights (D:9)
  2 scorpions (D:7)
  8 killer bees (D:7)
  A hound (D:6)
  2 gnoll boudas
  3 jellies
  3 orc priests
  Natasha (thrice) (D:2)
  4 iguanas
  Terence (D:2)
  A scorpion zombie (D:3)
  7 orc wizards
  A hound skeleton (D:3)
  9 gnolls
  4 adders
  3 white imps
  5 ufetubi
  An adder zombie (D:3)
  2 worms
  2 dart slugs
  26 orcs
  6 endoplasms
  2 giant cockroaches
  9 goblins
  7 hobgoblins
  8 jackals
  3 quokkas
  5 ball pythons
  A ball python skeleton (D:3)
  3 bats
  5 frilled lizards
  A jackal skeleton (D:3)
  11 kobolds
  A quokka skeleton (D:3)
  A quokka zombie (D:3)
  6 rats
256 creatures vanquished.

Vanquished Creatures (others)
  7 fungi
  10 plants
17 creatures vanquished.

Grand Total: 273 creatures vanquished

Notes
Turn   | Place    | Note
-------+----------+-------------------------------------------
     0 | D:1      | qw the Troll Cinder Acolyte began the quest for the Orb.
     0 | D:1      | Reached XP level 1. HP: 22/22 MP: 1/1
     0 | D:1      | 0 ||| qw: Version: 0.1-a-97-g2dd2ca4
     0 | D:1      | 0 ||| qw: Game counter: 4547
     0 | D:1      | 0 ||| qw: Always use a shield: true
     0 | D:1      | 0 ||| qw: God list: Okawaru
     0 | D:1      | 0 ||| qw: Allow faded altars: false
     0 | D:1      | 0 ||| qw: Do Orc after D:15 true
     0 | D:1      | 0 ||| qw: Do second Lair branch before Depths: true
     0 | D:1      | 0 ||| qw: Lair rune preference: random
     0 | D:1      | 0 ||| qw: Plans: Normal
     0 | D:1      | 0 ||| PLANNING D:1-11
    13 | D:1      | 13 ||| Stepping ~*~*~tactically~*~*~ (stealth).
    15 | D:1      | 15 ||| Stepping ~*~*~tactically~*~*~ (stealth).
    16 | D:1      | 16 ||| Stepping ~*~*~tactically~*~*~ (stealth).
    17 | D:1      | 17 ||| Stepping ~*~*~tactically~*~*~ (stealth).
   120 | D:1      | Reached XP level 2. HP: 29/29 MP: 2/2
   183 | D:1      | Reached skill level 4 in Unarmed Combat
   258 | D:1      | 258 ||| Stepping ~*~*~tactically~*~*~ (stealth).
   270 | D:1      | 270 ||| Stepping ~*~*~tactically~*~*~ (stealth).
   271 | D:1      | 271 ||| Stepping ~*~*~tactically~*~*~ (stealth).
   272 | D:1      | 272 ||| Stepping ~*~*~tactically~*~*~ (stealth).
   273 | D:1      | 273 ||| Stepping ~*~*~tactically~*~*~ (stealth).
   317 | D:1      | 317 ||| Stepping ~*~*~tactically~*~*~ (stealth).
   322 | D:1      | Reached XP level 3. HP: 35/36 MP: 3/3
   734 | D:1      | Found a faded altar of an unknown god.
   975 | D:1      | 975 ||| READING 2 scrolls labelled MOBRUO BAMNIT.
   976 | D:1      | 976 ||| READING 4 scrolls labelled ZILY CAIKKA.
   977 | D:1      | 977 ||| READING scroll labelled KIFA JO OFUOPLE.
   978 | D:1      | 978 ||| READING scroll labelled XASHUGHESTO.
   983 | D:1      | 983 ||| DROPPING 3 scrolls of magic mapping.
  1106 | D:2      | 1106 ||| READING scroll of teleportation.
  1108 | D:2      | 1108 ||| FLEEEEING.
  1129 | D:2      | Reached XP level 4. HP: 44/44 MP: 4/4
  1149 | D:2      | Reached skill level 5 in Unarmed Combat
  1235 | D:2      | 1235 ||| READING scroll labelled YBECAFAMAEQ.
  1236 | D:2      | 1236 ||| READING scroll of teleportation.
  1260 | D:2      | Noticed Natasha
  1260 | D:2      | Noticed Terence
  1261 | D:2      | 1261 ||| INVOKING Fiery Armour.
  1265 | D:2      | 1265 ||| Stepping ~*~*~tactically~*~*~ (outnumbered).
  1266 | D:2      | 1266 ||| Stepping ~*~*~tactically~*~*~ (outnumbered).
  1268 | D:2      | Killed Natasha
  1270 | D:2      | Killed Terence
  1275 | D:2      | Noticed Natasha
  1276 | D:2      | 1276 ||| Stepping ~*~*~tactically~*~*~ (hiding).
  1279 | D:2      | 1279 ||| Stepping ~*~*~tactically~*~*~ (hiding).
  1284 | D:2      | Killed Natasha
  1285 | D:2      | Reached XP level 5. HP: 48/50 MP: 5/5
  1316 | D:2      | Noticed Natasha
  1317 | D:2      | 1317 ||| Stepping ~*~*~tactically~*~*~ (stealth).
  1330 | D:2      | 1330 ||| Stepping ~*~*~tactically~*~*~ (stealth).
  1332 | D:2      | 1332 ||| Stepping ~*~*~tactically~*~*~ (hiding).
  1337 | D:2      | Killed Natasha
  1338 | D:2      | Reached skill level 6 in Unarmed Combat
  1601 | D:2      | 1601 ||| Stepping ~*~*~tactically~*~*~ (stealth).
  1744 | D:3      | Identified the +2 robe of Eternity {Regen+ Int+8 Dex-2}
  1864 | D:3      | 1864 ||| Stepping ~*~*~tactically~*~*~ (stealth).
  1867 | D:3      | 1867 ||| Stepping ~*~*~tactically~*~*~ (stealth).
  1920 | D:3      | Noticed an ice beast
  1931 | D:3      | Killed an ice beast
  1932 | D:3      | Reached skill level 7 in Unarmed Combat
  1932 | D:3      | Reached XP level 6. HP: 32/59 MP: 6/6
  2589 | D:3      | 2589 ||| UPGRADING to +2 robe of Eternity {Regen+ Int+8
                  | Dex-2}.
  2599 | D:3      | 2599 ||| DROPPING +0 robe.
  2600 | D:3      | 2600 ||| READING scroll labelled HISAJO CEDE.
  2601 | D:3      | 2601 ||| READING scroll labelled ZUZEAB LUPOKE.
  2602 | D:3      | 2602 ||| DRINKING 2 fuming golden potions.
  2603 | D:3      | 2603 ||| READING 2 scrolls of identify.
  2603 | D:3      | 2603 ||| IDENTIFYING bubbling green potion
  2654 | D:4      | 2654 ||| Stepping ~*~*~tactically~*~*~ (stealth).
  2660 | D:4      | 2660 ||| Stepping ~*~*~tactically~*~*~ (stealth).
  3175 | D:4      | 3175 ||| INVOKING Fiery Armour.
  3178 | D:4      | 3178 ||| DRINKING potion of curing.
  3178 | D:4      | 3178 ||| (to cure confusion)
  3181 | D:4      | Reached skill level 8 in Unarmed Combat
  3189 | D:4      | Reached XP level 7. HP: 66/66 MP: 7/7
  3262 | D:4      | 3262 ||| Stepping ~*~*~tactically~*~*~ (hiding).
  3470 | D:4      | 3470 ||| READING 3 scrolls labelled ZAOLLE LAHUMPO.
  3471 | D:4      | 3471 ||| READING scroll labelled ZIXKARAOTH.
  3472 | D:4      | 3472 ||| DRINKING 2 cyan potions.
  3473 | D:4      | 3473 ||| READING 3 scrolls of identify.
  3473 | D:4      | 3473 ||| IDENTIFYING glowing black potion
  3474 | D:4      | 3474 ||| READING 2 scrolls of identify.
  3474 | D:4      | 3474 ||| IDENTIFYING silvery potion
  3475 | D:4      | 3475 ||| DROPPING potion of degeneration.
  3476 | D:4      | 3476 ||| DROPPING potion of attraction.
  3482 | D:5      | Entered Level 5 of the Dungeon
  3483 | D:5      | 3483 ||| Stepping ~*~*~tactically~*~*~ (hiding).
  3484 | D:5      | 3484 ||| Stepping ~*~*~tactically~*~*~ (hiding).
  3499 | D:5      | Reached skill level 3 in Fighting
  3540 | D:5      | 3540 ||| Stepping ~*~*~tactically~*~*~ (stealth).
  3556 | D:5      | 3556 ||| Stepping ~*~*~tactically~*~*~ (hiding).
  3737 | D:5      | 3737 ||| Stepping ~*~*~tactically~*~*~ (outnumbered).
  3738 | D:5      | 3738 ||| Stepping ~*~*~tactically~*~*~ (outnumbered).
  3739 | D:5      | 3739 ||| Stepping ~*~*~tactically~*~*~ (outnumbered).
  3740 | D:5      | 3740 ||| Stepping ~*~*~tactically~*~*~ (outnumbered).
  3747 | D:5      | 3747 ||| Stepping ~*~*~tactically~*~*~ (outnumbered).
  3749 | D:5      | 3749 ||| Stepping ~*~*~tactically~*~*~ (outnumbered).
  3750 | D:5      | 3750 ||| Stepping ~*~*~tactically~*~*~ (outnumbered).
  3751 | D:5      | 3751 ||| Stepping ~*~*~tactically~*~*~ (outnumbered).
  3752 | D:5      | 3752 ||| Stepping ~*~*~tactically~*~*~ (outnumbered).
  3753 | D:5      | 3753 ||| Stepping ~*~*~tactically~*~*~ (outnumbered).
  3754 | D:5      | 3754 ||| Stepping ~*~*~tactically~*~*~ (outnumbered).
  3755 | D:5      | 3755 ||| Stepping ~*~*~tactically~*~*~ (outnumbered).
  3756 | D:5      | 3756 ||| Stepping ~*~*~tactically~*~*~ (outnumbered).
  3757 | D:5      | 3757 ||| Stepping ~*~*~tactically~*~*~ (outnumbered).
  3758 | D:5      | 3758 ||| Stepping ~*~*~tactically~*~*~ (outnumbered).
  3759 | D:5      | 3759 ||| Stepping ~*~*~tactically~*~*~ (outnumbered).
  3853 | D:5      | 3853 ||| Stepping ~*~*~tactically~*~*~ (stealth).
  4024 | D:5      | 4024 ||| FLEEEEING.
  4257 | D:5      | 4257 ||| UPGRADING to +1 cloak.
  4262 | D:5      | 4262 ||| READING scroll labelled TUSHIS ARAFEK.
  4363 | D:5      | 4363 ||| READING 2 scrolls of identify.
  4363 | D:5      | 4363 ||| IDENTIFYING pink potion
  4364 | D:5      | 4364 ||| DROPPING potion of brilliance.
  4379 | D:6      | 4379 ||| STAIRDANCE
  4394 | D:6      | 4394 ||| INVOKING Fiery Armour.
  4411 | D:6      | Reached skill level 9 in Unarmed Combat
  4452 | D:6      | 4452 ||| Stepping ~*~*~tactically~*~*~ (hiding).
  4456 | D:6      | 4456 ||| Stepping ~*~*~tactically~*~*~ (outnumbered).
  4458 | D:6      | Reached XP level 8. HP: 75/75 MP: 8/8
  4541 | D:6      | Reached skill level 1 in Throwing
  4738 | D:6      | Found Siuv's Assorted Antiques.
  4745 | D:6      | 4745 ||| BUYING potion of might (88 gold).
  4745 | D:6      | Bought a potion of might for 88 gold pieces
  4745 | D:6      | 4745 ||| BUYING potion of mutation (176 gold).
  4745 | D:6      | Bought a potion of mutation for 176 gold pieces
  4745 | D:6      | 4745 ||| BUYING smoky puce potion (19 gold).
  4745 | D:6      | Bought a smoky puce potion for 19 gold pieces
  4755 | D:6      | 4755 ||| Stepping ~*~*~tactically~*~*~ (hiding).
  4756 | D:6      | 4756 ||| Stepping ~*~*~tactically~*~*~ (hiding).
  4758 | D:6      | 4758 ||| Stepping ~*~*~tactically~*~*~ (hiding).
  4884 | D:6      | 4884 ||| READING scroll labelled UQUWAA YRYLU.
  4885 | D:6      | 4885 ||| READING scroll labelled BAENEN QEFAESTRIF.
  4886 | D:6      | 4886 ||| DRINKING 2 viscous green potions.
  4942 | D:7      | Reached skill level 10 in Unarmed Combat
  4962 | D:7      | 4962 ||| Stepping ~*~*~tactically~*~*~ (outnumbered).
  4963 | D:7      | 4963 ||| Stepping ~*~*~tactically~*~*~ (outnumbered).
  4964 | D:7      | 4964 ||| Stepping ~*~*~tactically~*~*~ (outnumbered).
  4968 | D:7      | 4968 ||| INVOKING Fiery Armour.
  4969 | D:7      | HP: 17/75 [killer bee (5)]
  4970 | D:7      | 4970 ||| READING scroll of teleportation.
  4970 | D:7      | HP: 8/75 [bullfrog (4)]
  4971 | D:7      | Reached skill level 3 in Throwing
  4971 | D:7      | 4971 ||| DRINKING 2 potions of heal wounds.
  4975 | D:7      | Found a staircase to the Ecumenical Temple.
  5269 | D:7      | Found a shimmering blue altar of Sif Muna.
  5292 | D:7      | 5292 ||| Stepping ~*~*~tactically~*~*~ (outnumbered).
  5293 | D:7      | 5293 ||| Stepping ~*~*~tactically~*~*~ (outnumbered).
  5458 | D:7      | Noticed a hornet
  5467 | D:7      | Paralysed by a hornet for 2 turns
  5469 | D:7      | 5469 ||| INVOKING Fiery Armour.
  5474 | D:7      | Killed a hornet
  5475 | D:7      | Reached skill level 11 in Unarmed Combat
  5475 | D:7      | Reached XP level 9. HP: 26/84 MP: 9/9
  5551 | D:7      | 5551 ||| FLEEEEING.
  5564 | D:7      | 5564 ||| Stepping ~*~*~tactically~*~*~ (stealth).
  5993 | D:7      | 5993 ||| INVOKING Fiery Armour.
  6037 | D:7      | 6037 ||| READING 4 scrolls labelled IWEIBEU ATIR.
  6038 | D:7      | 6038 ||| DROPPING 3 scrolls of noise.
  6132 | D:8      | Noticed a two-headed ogre
  6138 | D:8      | 6138 ||| INVOKING Fiery Armour.
  6139 | D:8      | Killed a two-headed ogre
  6140 | D:8      | Reached skill level 12 in Unarmed Combat
  6140 | D:8      | 6140 ||| STAIRDANCE
  6195 | D:8      | Found a radiant altar of Vehumet.
  6197 | D:8      | 6197 ||| Stepping ~*~*~tactically~*~*~ (hiding).
  6198 | D:8      | 6198 ||| Stepping ~*~*~tactically~*~*~ (hiding).
  6343 | D:8      | Found a shadowy altar of Dithmenos.
  6483 | D:8      | Found a snail-covered altar of Cheibriados.
  6489 | D:8      | Found an iron altar of Okawaru.
  6490 | D:8      | Found an ancient bone altar of Kikubaaqudgha.
  6529 | D:8      | 6529 ||| Stepping ~*~*~tactically~*~*~ (hiding).
  6561 | D:8      | 6561 ||| Stepping ~*~*~tactically~*~*~ (stealth).
  6568 | D:8      | 6568 ||| Stepping ~*~*~tactically~*~*~ (stealth).
  6570 | D:8      | 6570 ||| Stepping ~*~*~tactically~*~*~ (stealth).
  6828 | D:8      | 6828 ||| UPGRADING to +4 ring of evasion.
  6829 | D:8      | 6829 ||| DRINKING 2 smoky puce potions.
  6934 | D:8      | 6934 ||| DROPPING potion of berserk rage.
  6961 | D:9      | 6961 ||| Stepping ~*~*~tactically~*~*~ (hiding).
  6963 | D:9      | Noticed Erica
  6964 | D:9      | 6964 ||| INVOKING Fiery Armour.
  6976 | D:9      | 6976 ||| DRINKING potion of curing.
  6976 | D:9      | 6976 ||| (to cure confusion)
  6987 | D:9      | Killed Erica
  6988 | D:9      | Reached skill level 13 in Unarmed Combat
  6988 | D:9      | Reached XP level 10. HP: 77/96 MP: 10/10
  7129 | D:9      | 7129 ||| Stepping ~*~*~tactically~*~*~ (stealth).
  7140 | D:9      | Reached skill level 1 in Armour
  7147 | D:9      | Noticed Joseph
  7162 | D:9      | Killed Joseph
  7204 | D:9      | Found a shimmering altar of Xom.
  7218 | D:9      | Found a runed translucent door.
  7220 | D:9      | Noticed qw's ghost (novice TrCA)
  7233 | D:9      | Noticed Erolcha
  7234 | D:9      | 7234 ||| Stepping ~*~*~tactically~*~*~ (stealth).
  7236 | D:9      | Noticed a cyclops
  7236 | D:9      | Noticed a centaur warrior
  7236 | D:9      | Noticed a wizard
  7236 | D:9      | Noticed a centaur warrior
  7236 | D:9      | Noticed a wizard
  7237 | D:9      | 7237 ||| INVOKING Fiery Armour.
  7237 | D:9      | Noticed a brown ugly thing
  7237 | D:9      | Noticed a purple ugly thing
  7244 | D:9      | Killed a wizard
  7245 | D:9      | Reached skill level 14 in Unarmed Combat
  7249 | D:9      | Killed a purple ugly thing
  7258 | D:9      | Killed a centaur warrior
  7259 | D:9      | Reached skill level 6 in Fighting
  7259 | D:9      | HP: 24/100 [efreet/bolt of fire (14)]
  7260 | D:9      | 7260 ||| READING scroll of teleportation.
  7261 | D:9      | 7261 ||| DRINKING potion of heal wounds.
  7263 | D:9      | Killed a centaur warrior
  7264 | D:9      | Noticed a manticore
  7271 | D:9      | Killed a manticore
  7272 | D:9      | Reached XP level 11. HP: 43/107 MP: 11/11
  7351 | D:9      | 7351 ||| Stepping ~*~*~tactically~*~*~ (stealth).
  7358 | D:9      | 7358 ||| Stepping ~*~*~tactically~*~*~ (stealth).
  7379 | D:9      | Killed Erolcha
  7459 | D:9      | 7459 ||| Stepping ~*~*~tactically~*~*~ (stealth).
  7460 | D:9      | 7460 ||| Stepping ~*~*~tactically~*~*~ (stealth).
  7473 | D:9      | Killed a wizard
  7490 | D:9      | 7490 ||| Stepping ~*~*~tactically~*~*~ (stealth).
  7501 | D:9      | Reached skill level 6 in Throwing
  7522 | D:9      | 7522 ||| Stepping ~*~*~tactically~*~*~ (stealth).
  7524 | D:9      | 7524 ||| Stepping ~*~*~tactically~*~*~ (stealth).
  7534 | D:9      | 7534 ||| Stepping ~*~*~tactically~*~*~ (stealth).
  7541 | D:9      | Noticed Maurice
  7547 | D:9      | 7547 ||| Stepping ~*~*~tactically~*~*~ (outnumbered).
  7548 | D:9      | 7548 ||| Stepping ~*~*~tactically~*~*~ (outnumbered).
  7551 | D:9      | 7551 ||| Stepping ~*~*~tactically~*~*~ (outnumbered).
  7551 | D:9      | Found a glowing silver altar of Zin.
  7553 | D:9      | 7553 ||| Stepping ~*~*~tactically~*~*~ (outnumbered).
  7568 | D:9      | 7568 ||| Stepping ~*~*~tactically~*~*~ (hiding).
  7588 | D:9      | Killed Maurice
  7606 | D:9      | Noticed Prince Ribbit
  7616 | D:9      | Killed Prince Ribbit
  7650 | D:9      | Found a staircase to the Lair.
  7988 | D:9      | 7988 ||| Stepping ~*~*~tactically~*~*~ (hiding).
  8117 | D:9      | 8117 ||| Stepping ~*~*~tactically~*~*~ (stealth).
  8124 | D:9      | Killed a brown ugly thing
  8125 | D:9      | Reached skill level 15 in Unarmed Combat
  8152 | D:9      | Found an ornate altar of the Wu Jian Council.
  8287 | D:9      | 8287 ||| PLANNING LAIR
  8287 | D:9      | 8287 ||| UPGRADING to +2 robe of fire resistance.
  8297 | D:9      | 8297 ||| UPGRADING to ring of resist corrosion.
  8298 | D:9      | 8298 ||| READING scroll labelled XETZUA PAASHRA.
  8299 | D:9      | 8299 ||| DRINKING 2 golden potions.
  8300 | D:9      | 8300 ||| READING 2 scrolls of identify.
  8300 | D:9      | 8300 ||| IDENTIFYING black potion
  8301 | D:9      | 8301 ||| DROPPING potion of flight.
  8329 | Lair:1   | Entered Level 1 of the Lair of Beasts
  8340 | Lair:1   | 8340 ||| Stepping ~*~*~tactically~*~*~ (outnumbered).
  8407 | Lair:1   | 8407 ||| INVOKING Fiery Armour.
  8434 | Lair:1   | 8434 ||| Stepping ~*~*~tactically~*~*~ (hiding).
  8647 | Lair:1   | 8647 ||| Stepping ~*~*~tactically~*~*~ (stealth).
  8658 | Lair:1   | Reached skill level 16 in Unarmed Combat
  8660 | Lair:1   | 8660 ||| INVOKING Fiery Armour.
  8784 | Lair:1   | 8784 ||| Stepping ~*~*~tactically~*~*~ (stealth).
  8786 | Lair:1   | 8786 ||| Stepping ~*~*~tactically~*~*~ (stealth).
  8999 | Lair:1   | Identified the +0 leather armour of Optimism {Str+6 Int-5
                  | Dex-3 SInv}
  9045 | Lair:1   | 9045 ||| Stepping ~*~*~tactically~*~*~ (stealth).
  9050 | Lair:1   | 9050 ||| Stepping ~*~*~tactically~*~*~ (stealth).
  9052 | Lair:1   | 9052 ||| Stepping ~*~*~tactically~*~*~ (stealth).
  9533 | Lair:1   | 9533 ||| READING scroll labelled MOZ TAIFEDEMY.
  9534 | Lair:1   | 9534 ||| READING 2 scrolls of identify.
  9534 | Lair:1   | 9534 ||| IDENTIFYING smoky grey potion
  9535 | Lair:1   | 9535 ||| DROPPING potion of invisibility.
  9569 | Lair:2   | Reached XP level 12. HP: 105/118 MP: 12/12
  9917 | Lair:2   | 9917 ||| Stepping ~*~*~tactically~*~*~ (hiding).
  9921 | Lair:2   | 9921 ||| Stepping ~*~*~tactically~*~*~ (hiding).
  9946 | Lair:2   | Found a staircase to the Snake Pit.
  9955 | Lair:2   | Noticed an eight-headed hydra
  9956 | Lair:2   | 9956 ||| INVOKING Fiery Armour.
  9961 | Lair:2   | Killed a ten-headed hydra
  9981 | Lair:2   | Found a staircase to the Swamp.
  9982 | Lair:2   | 9982 ||| PLANNING CONVERSION TO OKAWARU
 10090 | D:8      | Fell from the grace of Ignis
 10090 | D:8      | Became a worshipper of Warmaster Okawaru
 10091 | D:8      | 10091 ||| PLANNING LAIR
 10556 | Lair:2   | 10556 ||| DROPPING orb of mayhem.
 10569 | Lair:3   | 10569 ||| Stepping ~*~*~tactically~*~*~ (stealth).
 10573 | Lair:3   | 10573 ||| Stepping ~*~*~tactically~*~*~ (outnumbered).
 10574 | Lair:3   | 10574 ||| STAIRDANCE
 10626 | Lair:3   | 10626 ||| STAIRDANCE
 10669 | Lair:3   | 10669 ||| STAIRDANCE
 10698 | Lair:3   | 10698 ||| STAIRDANCE
 10712 | Lair:3   | 10712 ||| STAIRDANCE
 10735 | Lair:3   | 10735 ||| STAIRDANCE
 10758 | Lair:2   | Reached skill level 17 in Unarmed Combat
 10854 | Lair:3   | Reached * piety under Okawaru
 10929 | Lair:3   | You fall into a shaft and drop 2 floors!
 10929 | Lair:5   | Entered Level 5 of the Lair of Beasts
 10930 | Lair:5   | 10930 ||| INVOKING Heroism.
 10936 | Lair:5   | 10936 ||| Stepping ~*~*~tactically~*~*~ (outnumbered).
 10937 | Lair:5   | HP: 22/118 [molten gargoyle/bolt of magma (26)]
 10937 | Lair:5   | Mangled by a komodo dragon

Levels and vault maps discovered:
D:1:      dpeg_arrival_shelter, layout_basic, basic_ecumenical_altar
D:2:      layout_rooms, serial_glass, glass_columns_b, glass_columns_a,
          feat_on_display, item_on_display_a, feat_on_display,
          minmay_strange_pillars, lemuel_flame_loot_1, uniq_natasha,
          uniq_terence
D:3:      layout_basic, serial_undead, serial_undead_f, serial_undead_b,
          serial_undead_f, serial_undead_c, serial_undead_a, serial_undead_d
D:4:      layout_loops_ring, serial_rivers, chequers_serial_rivers_large_b,
          chequers_serial_rivers_micro_c, chequers_serial_rivers_micro_a,
          chequers_serial_rivers_small_a, chequers_serial_rivers_marsh
D:5:      cheibrodos_quashed, layout_basic
D:6:      layout_basic, serial_shops, nicolae_shop_hallway_plus
D:7:      layout_basic, nicolae_overflow_crystal_walls,
          minmay_temple_entry_drinking_statues, hangedman_abyss_or_decor_passed
D:8:      layout_loops_ring, vehumet_altar_wand_db,
          mainiacjoe_overflow_brackets,
          chequers_temple_overflow_statue_of_worship
D:9:      layout_basic, old_standard_altar, nzn_wu_jian_council_hall,
          mainiacjoe_overflow_catwalk, lair_entry_dummy, gammafunk_ghost_grave,
          minivault_28, uniq_joseph, uniq_erolcha, uniq_maurice,
          uniq_prince_ribbit1, uniq_erica
Lair:1:   layout_cave_pods, beast_lair_carwin_11, grunt_megastairs_2,
          serial_bayou_shore_b
Lair:2:   layout_regular_city, swamp_mist_pool,
          minmay_snake_entry_guardpost_small
Lair:3:   layout_loops_ring, bobbens_dragon_lair_wall, uniq_gastronok
Lair:5:   cheibrodos_lair_end_hotspot, layout_loops_ring, serial_bayou_shore_b

Skill      XL: |  1  2  3  4  5  6  7  8  9 10 11 12 |
---------------+-------------------------------------+-----
Unarmed Combat | 4 5 7 8 9 11 13 14 16 17 | 17.0
Fighting       | 3 4 5 6 7 |  7.0
Throwing       | 3 4 5 6 7 |  7.0
Armour         | 1 |  1.1
Dodging        | 2 |  2.2
Spellcasting   | |  1.0
Fire Magic     | |  2.1

Action                   |  1- 3 |  4- 6 |  7- 9 | 10-12 || total
-------------------------+-------+-------+-------+-------++-------
Melee: Unarmed           |   119 |   110 |   247 |   310 ||   786
       Punch             |     1 |     2 |     8 |    17 ||    28
Throw: Javelin           |       |       |    41 |     5 ||    46
       Boomerang         |       |       |     1 |     5 ||     6
       Large rock        |       |       |       |    50 ||    50
Invok: Fiery Armour      |       |     2 |     6 |     4 ||    12
       Heroism           |       |       |       |     1 ||     1
  Use: Scroll            |     5 |     5 |    10 |     5 ||    25
       Potion            |       |     2 |     5 |     2 ||     9
Armor: Robe              |    36 |    28 |   131 |    86 ||   281
Dodge: Dodged            |    48 |    23 |   113 |   132 ||   316

Table legend:
 A = Non-vault XP
 B = Vault XP
 C = Vault XP percentage of total XP
 D = Non-vault monster count
 E = Vault monster count
 F = Vault count percentage of total count
                 A         B        C        D         E       F
            +---------+---------+-------+---------+---------+-------
      Total |   15534 |   11764 |  43.1 |     213 |      41 |  16.1
            +---------+---------+-------+---------+---------+-------
        D:1 |      62 |       0 |   0.0 |      31 |       0 |   0.0
        D:2 |     123 |      75 |  37.9 |      18 |       2 |  10.0
        D:3 |     156 |      64 |  29.1 |      11 |       7 |  38.9
        D:4 |     329 |       0 |   0.0 |      17 |       0 |   0.0
        D:5 |     341 |       0 |   0.0 |      16 |       0 |   0.0
        D:6 |     718 |       0 |   0.0 |      19 |       0 |   0.0
        D:7 |    1619 |       0 |   0.0 |      27 |       0 |   0.0
        D:8 |    1574 |       2 |   0.1 |      17 |       1 |   5.6
        D:9 |    1705 |    8922 |  84.0 |      21 |      17 |  44.7
     Lair:1 |    3888 |    2212 |  36.3 |      15 |      11 |  42.3
     Lair:2 |    4339 |     489 |  10.1 |      18 |       3 |  14.3
     Lair:3 |     680 |       0 |   0.0 |       3 |       0 |   0.0
            +---------+---------+-------+---------+---------+-------
